 Dungeon Sprint DCSS version 0.29-a0-824-gd827844252 (webtiles) character file.

Game seed: 4216320287987080851

1213 Ayihk420 the Fighter (level 8, 0/88 HPs)
             Began as a Minotaur Berserker on July 9, 2022.
             Was a Priest of Trog.
             Slain by Sonja
             ... wielding a +3 short sword of distortion
              (1 damage)
             ... in the Dungeon (Sprint I: "Red Sonja").
             The game lasted 00:01:50 (571 turns).

Ayihk420 the Fighter (Minotaur Berserker)            Turns: 571, Time: 00:01:50

Health: 0/88       AC: 14    Str: 22    XL:     8   Next: 22%
Magic:  7/7        EV: 10    Int:  4    God:    Trog [***...]
Gold:   405        SH:  0    Dex: 12    Spells: 7/7 levels left

rFire   . . .      SeeInvis .   a - +0 hand axe
rCold   . . .      Faith    .   (no shield)
rNeg    . . .      Spirit   .   j - +0 chain mail
rPois   .          Reflect  .   (helmet restricted)
rElec   .          Harm     .   (no cloak)
rCorr   .          Rampage  .   k - +2 pair of gloves
Will    ++...      NoTele   +   (no boots)
Stlth   ..........              (no amulet)
HPRegen 1.24/turn               (no ring)
MPRegen 0.10/turn               (no ring)

@: lethally poisoned (0 -> -2), strong-willed, regenerating, slowed, very slow
A: horns 2, retaliatory headbutt
a: Renounce Religion, Berserk, Trog's Hand


You were in the Dungeon.
You worshipped Trog.
Trog was most pleased with you.
You visited 1 branch You collected 405 gold pieces.

Inventory:

Hand Weapons
 a - a +0 hand axe (weapon)
Armour
 b - a +0 animal skin
 j - a +0 chain mail (worn)
 k - a +2 pair of gloves (worn)
Wands
 i - a wand of light (12)
Scrolls
 h - a scroll of blinking
Potions
 c - a potion of curing
 d - a potion of heal wounds
 e - a potion of haste
 f - 2 potions of magic
 g - a potion of berserk rage


   Skills:
 + Level 13.7 Fighting
 + Level 13.5 Axes
 + Level 9.0 Armour
 + Level 6.6 Dodging


You had 7 spell levels left.
You didn't know any spells.
Your spell library was empty.

Dungeon Overview and Level Annotations

Branches:
Dungeon (1/1)

Altars:
Cheibriados
Dithmenos
Elyvilon
Fedhas
Gozag
Hepliaklqana
Kikubaaqudgha
Makhleb
Nemelex Xobeh
Okawaru
Qazlal
Ru
Sif Muna
Trog
Uskayaw
Vehumet
Wu Jian
Xom
Yredelemnul
Zin
The Shining One
Jiyva
Lugonu

Shops:
D *

Annotations:
D Sonja


Innate Abilities, Weirdness & Mutations

You have a pair of horns on your head.
You reflexively headbutt those who attack you in melee.


Message History

There is a burning altar of Makhleb here.
There is an open door, spattered with blood here.
There is an open door here.
You see here a +0 club.
You open the door.
Sonja, the Graceful Assassin comes into view.
She is wielding a +3 short sword of distortion and quivering curare-tipped darts.
Found 108 gold pieces.
Sonja throws a curare-tipped dart.
The curare-tipped dart hits you.
You are poisoned.
You have difficulty breathing.
You feel yourself slow down.
There is a radiant altar of Vehumet here.
You feel very sick.
Sonja throws a curare-tipped dart.
The curare-tipped dart hits you.
You are more poisoned.
You have difficulty breathing.
You feel as though you will be slow longer.
There is an open door, spattered with blood here.
You feel very sick.
Sonja throws a curare-tipped dart.
The curare-tipped dart hits you.
You are more poisoned.
You have difficulty breathing.
You feel as though you will be slow longer.
Your skin crawls.
You feel strong-willed.
You feel extremely sick.
Sonja hits you with a +3 short sword of distortion!
Space warps around you. Sonja hits you but does no damage.
Space warps horribly around you!
* * * LOW HITPOINT WARNING * * *
Sonja hits you but does no damage. Space warps horribly around you!
* * * LOW HITPOINT WARNING * * *
Your skin crawls.
You feel strong-willed.
You feel very sick.
Sonja hits you with a +3 short sword of distortion.
* * * LOW HITPOINT WARNING * * *
Sonja hits you with a +3 short sword of distortion!
* * * LOW HITPOINT WARNING * * *
Sonja hits you with a +3 short sword of distortion.
You die...

##########################
#<.#..)..#..'..#__#..')..#
#..').#..').#..'..'..#)..#
#..#####'#####'#__####...+
#..####..#...#)#### #####
#..#__####..##.#
#..#_____##'#_.+
#⌠⌠#_.∩..@K..._#
####_..__##_.#'#
#_____###'#)# #######
#.### $.$ $.$# ##.## #+#


You could see Sonja.

Vanquished Creatures
  2 kobold demonologists (D)
  A slime creature (D)
  Sigmund (D)
  A yak (D)
  A floating eye (D)
  An ogre (D)
  A jelly (D)
  Ijyb (D)
9 creatures vanquished.

Notes
Turn   | Place    | Note
-------+----------+-------------------------------------------
     0 | D        | Ayihk420 the Minotaur Berserker began the quest for the
                  | Orb.
     0 | D        | Reached XP level 1. HP: 19/19 MP: 0/0
     3 | D        | Noticed Ijyb
    11 | D        | Killed Ijyb
    12 | D        | Reached skill level 5 in Fighting
    12 | D        | Reached skill level 5 in Axes
    12 | D        | Reached XP level 2. HP: 29/29 MP: 1/1
   185 | D        | Noticed an ogre
   189 | D        | Killed an ogre
   190 | D        | Reached XP level 3. HP: 40/40 MP: 2/2
   190 | D        | Reached XP level 4. HP: 48/48 MP: 3/3
   231 | D        | Noticed Sigmund
   235 | D        | Killed Sigmund
   235 | D        | Reached ** piety under Trog
   236 | D        | Reached skill level 5 in Armour
   236 | D        | Reached skill level 5 in Dodging
   236 | D        | Reached XP level 5. HP: 58/58 MP: 4/4
   288 | D        | Found a shimmering blue altar of Sif Muna.
   289 | D        | Found an ornate altar of the Wu Jian Council.
   290 | D        | Found a radiant altar of Vehumet.
   295 | D        | Reached skill level 10 in Fighting
   295 | D        | Reached XP level 6. HP: 61/66 MP: 5/5
   334 | D        | Found Cengucex's Assorted Antiques.
   334 | D        | Found an ancient bone altar of Kikubaaqudgha.
   334 | D        | Found a hazy altar of Hepliaklqana.
   334 | D        | Found a stormy altar of Qazlal.
   334 | D        | Found a hide-covered altar of Uskayaw.
   334 | D        | Found a blossoming altar of Fedhas.
   334 | D        | Found a bloodstained altar of Trog.
   334 | D        | Found an iron altar of Okawaru.
   334 | D        | Found a basalt altar of Yredelemnul.
   334 | D        | Found a glowing golden altar of the Shining One.
   334 | D        | Found a snail-covered altar of Cheibriados.
   334 | D        | Found a sacrificial altar of Ru.
   334 | D        | Found a glowing silver altar of Zin.
   334 | D        | Found a shadowy altar of Dithmenos.
   334 | D        | Found a white marble altar of Elyvilon.
   334 | D        | Noticed a yak
   345 | D        | Killed a yak
   346 | D        | Found an opulent altar of Gozag.
   347 | D        | Found a sparkling altar of Nemelex Xobeh.
   425 | D        | Found a burning altar of Makhleb.
   425 | D        | Found a viscous altar of Jiyva.
   425 | D        | Found a shimmering altar of Xom.
   425 | D        | Found a corrupted altar of Lugonu.
   425 | D        | Noticed a slime creature
   435 | D        | Killed a slime creature
   436 | D        | Reached XP level 7. HP: 64/77 MP: 6/6
   496 | D        | Noticed a kobold demonologist
   496 | D        | Noticed a kobold demonologist
   497 | D        | Noticed a sixfirhy
   507 | D        | Killed a kobold demonologist
   507 | D        | Reached *** piety under Trog
   510 | D        | Killed a kobold demonologist
   511 | D        | Reached XP level 8. HP: 88/88 MP: 7/7
   566 | D        | Noticed Sonja
   571 | D        | HP: 1/88 [Sonja/+3 short sword of distortion (8)]
   571 | D        | Slain by Sonja

Illustrated notes

Levels and vault maps discovered:
D:        dungeon_sprint_1 [red_sonja_temple_1, red_sonja_temple_small_1]

Skill      XL: |  1  2  3  4  5  6  7 |
---------------+----------------------+-----
Fighting       | 5 7 9 10 12 13 | 13.7
Axes           | 5 7 9 11 13 | 13.5
Armour         | 3 4 5 7 9 |  9.0
Dodging        | 3 4 5 6 |  6.6

Action                   |  1- 3 |  4- 6 |  7- 9 || total
-------------------------+-------+-------+-------++-------
Melee: Hand axe          |    10 |    25 |    13 ||    48
       Headbutt          |     1 |     8 |     1 ||    10
       Punch             |       |     1 |     1 ||     2
Invok: Berserk           |     2 |     1 |     1 ||     4
       Trog's Hand       |       |       |     2 ||     2
Armor: Chain mail        |       |     7 |     6 ||    13
Dodge: Dodged            |     2 |     5 |     1 ||     8

Table legend: (Time is in decaauts)
 A = Elapsed time spent in this place.
 B = Non-inter-level travel time spent in this place.
 C = Inter-level travel time spent in this place.
 D = Time resting spent in this place.
 E = Time spent auto-exploring this place.
 F = Levels seen in this place.
 G = Mean time per level.
                   A        B        C        D        E       F      G
               +--------+--------+--------+--------+--------+-----+--------+
         Total |    597 |    597 |      0 |    407 |      0 |   1 |  597.0 |
       Dungeon |    597 |    597 |      0 |    407 |      0 |   1 |  597.0 |
               +--------+--------+--------+--------+--------+-----+--------+

Top non-repeatable levels by time:
       D: 597 daAuts
